AoeStats
← 27岁电竞老年人

Arabia

511046481Analyzed
4v4 RM · 9h ago on Oct 3, 2026· 27m 59s· 8 players
Game mode
Random Map
Map size
Large (8 player)
Population
200
Speed
Normal
Resources
Standard
Victory
Conquest
Starting age
Dark Age
Ending age
Imperial Age
RankedLock teamsTeams togetherTeam positionsShared explorationLock speedFull tech treeHidden civsTurbo modeCheats
Victory
Defeat
🇹🇼 Teutons · Taiwan
1220
+12
🇹🇼 Persians · Taiwan
1157
+15
🇹🇼 Britons · Taiwan
1070
+18
🇹🇼 Franks · Taiwan
1062
+19
🇨🇴 Mongols · Colombia
1138
-16
🇹🇷 Celts · Türkiye
1135
-16
1128
-16
🇱🇹 Lithuanians · Lithuania
1125
-16
WildNightCat
8:52 Loom
10:39 Feudal Age
16:20 Castle Age
15:00 Horse Collar
15:44 Double-Bit Axe
21:01 Bloodlines
20:57 Husbandry
Zombie
5:14 Loom
9:40 Feudal Age
bugimaster
8:09 Loom
10:34 Feudal Age
11:27 Double-Bit Axe
14:45 Scale Barding Armor
18:43 Horse Collar
19:47 Wheelbarrow
23:25 Castle Age
23:11 Gold Mining
25:38 Chain Barding Armor
25:34 Bow Saw
26:14 Forging
27岁电竞老年人
9:44 Feudal Age
17:03 Castle Age
15:50 Fletching
17:27 Crossbowman
23:37 Bodkin Arrow
尼鐵
1:58 Loom
10:14 Feudal Age
22:24 Double-Bit Axe
25:03 Horse Collar
29:13 Castle Age
godissixyearold
9:33 Feudal Age
11:01 Loom
11:14 Double-Bit Axe
18:00 Castle Age
17:11 Fletching
17:22 Padded Archer Armor
17:19 Gold Mining
18:08 Crossbowman
19:37 Pikeman
25:14 Bodkin Arrow
25:30 Forging
mm巧克力
3:33 Loom
11:03 Feudal Age
15:04 Double-Bit Axe
17:28 Castle Age
17:00 Forging
18:05 Scale Barding Armor
24:59 Gold Mining
礁溪羅志祥
10:32 Feudal Age
11:26 Double-Bit Axe
15:04 Scale Barding Armor
17:09 Loom
23:43 Castle Age
Connection lost

Rejoining the realm…

Still unreachable

The connection could not be restored.

Session expired

The server has moved on; the page needs a fresh start.